 Dungeon Crawl Stone Soup version 0.30-a0-310-g7d6cbdfea6 (webtiles) character file.

Game seed: 18088859580636409139

8236 koil the Slicer (level 11, -5/56 HPs)
             Began as a Spriggan Brigand on Oct 24, 2022.
             Was a Priest of Wu Jian.
             Shot with an arrow by a centaur (17 damage)
             ... on level 9 of the Dungeon.
             The game lasted 00:40:49 (7797 turns).

koil the Slicer (Spriggan Brigand)                  Turns: 7797, Time: 00:40:50

Health: -5/56      AC:  5    Str:  4    XL:     11   Next: 7%
Magic:  12/19      EV: 22    Int: 18    God:    Wu Jian [***...]
Gold:   483        SH:  0    Dex: 16    Spells: 15/20 levels left

rFire   x . .      SeeInvis +    a - +10 rapier of the Incandescent {freeze, rElec rPois Str-3 SInv}
rCold   + . .      Faith    .    (no shield)
rNeg    + . .      Spirit   .    z - +0 robe
rPois   +          Reflect  .    (helmet restricted)
rElec   +          Harm     .    t - +2 cloak
rCorr   .          Rampage  .    (gloves unavailable)
Will    +....                    (boots unavailable)
Stlth   ++++......               o - amulet of regeneration
HPRegen 1.09/turn                r - ring of positive energy
MPRegen 0.16/turn                p - ring of ice

@: on blink cooldown, very quick
A: very small, no large weapons, unfitting armour, see invisible, speed 3
a: Renounce Religion, Wall Jump, Serpent's Lash


You were on level 9 of the Dungeon.
You worshipped Wu Jian.
Wu Jian was most pleased with you.
You visited 2 branches of the dungeon, and saw 10 of its levels.

You collected 483 gold pieces.

Inventory:

Hand Weapons
 a - the +10 rapier of the Incandescent (weapon) {freeze, rElec rPois Str-3 SInv}
   (You found it on level 6 of the Dungeon)

   It freezes those it strikes, dealing additional cold damage.
   It can also slow down cold-blooded creatures.
   Str:       It affects your strength (-3).
   rElec:     It insulates you from electricity.
   rPois:     It protects you from poison.
   SInv:      It lets you see invisible.
 b - a +0 arbalest
 l - a +1 dagger of freezing
 D - a +3 dagger of chaos
 E - a +0 dagger of venom
 F - a +2 dagger of electrocution
 G - a +2 dagger
 M - a +0 whip of flaming
Missiles
 d - 6 poisoned darts (quivered)
 J - 3 curare-tipped darts
Armour
 t - a +2 cloak (worn)
 z - a +0 robe (worn)
 I - a +0 robe of willpower
Jewellery
 o - an amulet of regeneration (around neck)
 p - a ring of ice (right hand)
 r - a ring of positive energy (left hand)
 A - an amulet of the acrobat
 H - a ring of flight
Wands
 s - a wand of flame (11)
 B - a wand of quicksilver (12)
 L - a wand of charming (7)
Scrolls
 e - a scroll of silence {unknown}
 g - 3 scrolls of vulnerability
 i - 2 scrolls of identify
 j - a scroll of magic mapping {unknown}
 n - 5 scrolls of butterflies
 q - a scroll of fear
 v - 2 scrolls of teleportation
 x - 2 scrolls of enchant weapon {unknown}
 y - 2 scrolls of immolation
 C - a scroll of blinking
Potions
 c - a potion of cancellation {unknown}
 f - a potion of lignification
 h - 2 potions of magic
 k - a potion of mutation
 m - 3 potions of heal wounds
 u - a potion of resistance
 w - 3 potions of curing
 K - a potion of might


   Skills:
 + Level 5.7 Fighting
 + Level 11.8 Short Blades
 + Level 2.9 Ranged Weapons
 - Level 2.0 Throwing
 + Level 8.6 Dodging
 - Level 9.3 Stealth
 - Level 5.3 Spellcasting
 - Level 9.9 Hexes
 - Level 5.0 Translocations


You had 15 spell levels left.
You knew the following spells:

 Your Spells              Type           Power      Damage    Failure   Level
a - Confusing Touch       Hex            40%        N/A       1%          3
b - Blink                 Tloc           44%        N/A       2%          2

Your spell library contained the following spells:

 Spells                   Type           Power      Damage    Failure   Level
 Cause Fear               Hex            20%        N/A       2%          4
 Inner Flame              Hex/Fire       22%        N/A       4%          3
 Lesser Beckoning         Tloc           44%        N/A       4%          3
 Momentum Strike          Conj/Tloc      26%        3d8       7%          2
 Foxfire                  Conj/Fire      16%        2x1d4     13%         1
 Kiss of Death            Conj/Necr      16%        2d6       13%         1
 Hailstorm                Conj/Ice       7%         3d4       36%         3
 Dispel Undead            Necr           4%         3d7       78%         4
 Flame Wave               Conj/Fire      4%         2d5       78%         4
 Ice Form                 Ice/Tmut       7%         N/A       78%         4
 Sticky Flame             Conj/Fire      4%         2d3       78%         4
 Fireball                 Conj/Fire      2%         3d4       98%         5
 Simulacrum               Ice/Necr       3%         N/A       100%        6
 Starburst                Conj/Fire      2%         6d3       100%        6
 Dragon Form              Tmut           2%         N/A       100%        7
 Dragon's Call            Summ           2%         N/A       100%        9


Dungeon Overview and Level Annotations

Branches:
Dungeon (9/15)             Temple (1/1) D:4             Orc (0/2) D:9
   Lair: D:8-11

Altars:
Ashenzari
Cheibriados
Dithmenos
Elyvilon
Fedhas
Gozag
Hepliaklqana
Kikubaaqudgha
Makhleb
Okawaru
Qazlal
Ru
Sif Muna
Trog
Uskayaw
Vehumet
Wu Jian
Xom
Yredelemnul
Zin
The Shining One

Shops:
D:1 [   D:7 (=(

Annotations:
D:8 1 runed translucent door, Iusername's ghost, novice MiFi


Innate Abilities, Weirdness & Mutations

You are very small and have problems with some larger weapons.
You are too small for most types of armour.
You have supernaturally acute eyesight. (SInv)
You cover ground extremely quickly. (Speed+++)


Message History

The yak is moderately wounded.
The yak closely misses you.
You puncture the yak! You freeze the yak.
The yak is severely wounded.
You puncture the yak! You freeze the yak.
You kill the yak!
The Council accepts your kill.
You hit the yak. You freeze the yak. You punch the yak, but do no damage.
The yak is moderately wounded.
The yak gores you!
You closely miss the yak.
The yak is moderately wounded.
You barely miss the yak.
The yak is moderately wounded.
The yak gores you but does no damage.
You puncture the yak! You freeze the yak.
The yak is heavily wounded.
You hit the yak. You freeze the yak.
The yak is heavily wounded.
The yak gores you!
* * * LOW HITPOINT WARNING * * *
You puncture the yak! You freeze the yak.
The yak is almost dead.
The yak closely misses you.
You hit the yak. You freeze the yak.
You kill the yak!
The Council accepts your kill.
You lunge at the yak.
You puncture the yak! You freeze the yak.
The yak is almost dead.
The yak gores you.
* * * LOW HITPOINT WARNING * * *
Things that are here:
a yak corpse; a yak corpse
Casting: Blink (safe; 2% risk of failure)
Confirm with . or Enter, or press ? or * to list all spells.
You blink.
The centaur shoots an arrow.
The arrow hits you.
* * * LOW HITPOINT WARNING * * *
Unknown command.
The centaur shoots an arrow.
The arrow hits you!
You die...

#.# #.# #.# #.# #.# #.#
#.###############.#######
#...................))...
###.#...#.######.>.......
#.........####.........
#....#..##..##.........
#...#.@#.###(#.........
###.....#.#.####.........
#....#.....### #.........
#.#....VY###.# ##........
#.....c#..†.#?# #...#####
#.#.#...#.##### #...#
#.#...#..#.### ##...#####
#.........#.)# #....))..)
#..........### #.........


You could see a vampire and a centaur.

Vanquished Creatures
  3 two-headed ogres (D:9)
  Psyche (D:9)
  2 hornets
  A troll (D:9)
  A wraith (D:9)
  5 yaks (D:9)
  3 water moccasins
  Duvessa (D:6)
  A black bear (D:7)
  4 orc warriors
  2 ice beasts (D:7)
  A swamp drake (D:9)
  A sky beast (D:7)
  A centaur (D:9)
  2 phantoms
  A kobold brigand (D:9)
  10 bullfrogs
  A gnoll sergeant (D:6)
  A scorpion (D:4)
  Dowan (D:6)
  A howler monkey (D:5)
  A crimson imp (D:7)
  3 hounds
  3 jellies
  5 orc priests
  3 gnoll boudas
  Crazy Yiuf (D:3)
  An iguana (D:6)
  6 orc wizards
  16 gnolls
  9 adders
  2 white imps
  4 dart slugs
  36 orcs
  5 endoplasms
  A giant cockroach (D:3)
  4 goblins
  4 hobgoblins
  2 jackals (D:2)
  13 kobolds
  2 quokkas
  8 ball pythons
  A bat (D:2)
  2 frilled lizards
  A goblin skeleton (D:7)
  3 hobgoblin zombies (D:7)
  2 kobold skeletons (D:7)
  2 kobold zombies (D:7)
  2 rats
186 creatures vanquished.

Vanquished Creatures (others)
  An orc (D:9)
1 creature vanquished.

Grand Total: 187 creatures vanquished

Notes
Turn   | Place    | Note
-------+----------+-------------------------------------------
     0 | D:1      | koil the Spriggan Brigand began the quest for the Orb.
     0 | D:1      | Reached XP level 1. HP: 10/10 MP: 2/2
   234 | D:1      | Found Kailifobim's Armour Shoppe.
   267 | D:1      | Reached XP level 2. HP: 13/15 MP: 2/4
   927 | D:2      | Reached skill level 1 in Spellcasting
  1060 | D:2      | Found a faded altar of an unknown god.
  1092 | D:2      | Reached XP level 3. HP: 18/18 MP: 5/5
  1776 | D:3      | Reached XP level 4. HP: 23/23 MP: 7/7
  2021 | D:3      | Found a runed translucent door.
  2024 | D:3      | Noticed Crazy Yiuf
  2070 | D:3      | Killed Crazy Yiuf
  2071 | D:3      | Reached skill level 3 in Short Blades
  2231 | D:4      | Noticed a scorpion
  2239 | D:4      | Killed a scorpion
  2240 | D:4      | Reached XP level 5. HP: 27/27 MP: 9/9
  2270 | D:4      | Identified the +1 leather armour of Starshine {Fly Will++
                  | MP+9}
  2354 | D:4      | Noticed a phantom
  2379 | D:4      | Found a staircase to the Ecumenical Temple.
  2394 | D:4      | Killed a phantom
  2537 | D:4      | Reached XP level 6. HP: 26/32 MP: 11/11
  2839 | Temple   | Entered the Ecumenical Temple
  3074 | D:5      | Entered Level 5 of the Dungeon
  3159 | D:5      | Found a shimmering altar of Xom.
  3432 | D:5      | Reached skill level 4 in Short Blades
  3620 | D:5      | Reached XP level 7. HP: 24/36 MP: 13/13
  3779 | D:5      | Found an ornate altar of the Wu Jian Council.
  3786 | D:5      | Became a worshipper of the Wu Jian Council
  4090 | D:5      | Found the +6 shillelagh "Devastator" {shatter}
  4227 | D:6      | Reached skill level 5 in Dodging
  4423 | D:6      | Noticed Duvessa
  4423 | D:6      | Noticed Dowan
  4438 | D:6      | Learned a level 3 spell: Confusing Touch
  4454 | D:6      | Killed Dowan
  4672 | D:6      | Killed Duvessa
  4673 | D:6      | Reached skill level 5 in Short Blades
  4673 | D:6      | Reached XP level 8. HP: 42/42 MP: 16/16
  4744 | D:6      | Reached skill level 5 in Spellcasting
  4755 | D:6      | Reached * piety under Wu Jian
  4769 | D:6      | Found a bloodstained altar of Trog.
  5054 | D:6      | Learned a level 2 spell: Blink
  5069 | D:6      | Identified the +10 rapier of the Incandescent {freeze,
                  | rElec rPois Str-3 SInv}
  5316 | Temple   | Reached skill level 10 in Short Blades
  5316 | Temple   | Reached XP level 9. HP: 45/45 MP: 17/17
  5397 | D:7      | Found Timmanu's Jewellery Emporium.
  5432 | D:7      | Reached skill level 1 in Translocations
  5533 | D:7      | Found Zogre's Antique Weapon Shop.
  5685 | D:7      | Reached skill level 11 in Short Blades
  5793 | D:7      | Found a glowing golden altar of the Shining One.
  5804 | D:7      | Reached ** piety under Wu Jian
  5978 | D:7      | Found Fathroeda's Weapon Shop.
  6074 | D:7      | Found a hide-covered altar of Uskayaw.
  6286 | D:8      | Reached XP level 10. HP: 46/51 MP: 18/18
  6441 | D:8      | Found a runed translucent door.
  6441 | D:8      | Noticed Iusername's ghost (novice MiFi)
  6470 | D:8      | Found a hazy altar of Hepliaklqana.
  6719 | D:8      | You fall into a shaft and drop 1 floor!
  6871 | D:9      | Noticed Psyche
  6891 | D:9      | Killed Psyche
  7029 | D:9      | Found a staircase to the Orcish Mines.
  7045 | D:9      | Reached skill level 5 in Fighting
  7231 | D:9      | Reached *** piety under Wu Jian
  7291 | D:9      | Noticed a two-headed ogre
  7325 | D:9      | Killed a two-headed ogre
  7326 | D:9      | Reached skill level 1 in Ranged Weapons
  7326 | D:9      | Reached skill level 5 in Translocations
  7371 | D:9      | Noticed a two-headed ogre
  7399 | D:9      | Killed a two-headed ogre
  7545 | D:9      | Noticed a two-headed ogre
  7555 | D:9      | Killed a two-headed ogre
  7746 | D:9      | Reached XP level 11. HP: 22/56 MP: 11/19
  7797 | D:9      | Shot with an arrow by a centaur

Illustrated notes

Levels and vault maps discovered:
D:1:      erik_arrival_cave_to_civilisation [erik_arrival_cave_to_hall],
          layout_basic, serial_shops, nicolae_diamond_shop
D:2:      layout_basic, ebering_ecumenical_altar_abandoned, due_unseen_surprise
D:3:      layout_rooms, hex_intersection, ebering_dispersal_statue_hall,
          uniq_crazy_yiuf_cottage
D:4:      layout_rooms, minmay_temple_entry_antechambers
D:5:      layout_cave_pods, nicolae_wu_jian_glorious_leap, xom_teletrap_fun
D:6:      layout_basic, mainiacjoe_overflow_24_doors, uniq_duvessa
D:7:      layout_basic, marbit_many_paths, nicolae_tso_besieged_by_evil,
          serial_shops, nicolae_shop_stone, shop, nicolae_take_the_stairs
D:8:      layout_basic, mainiacjoe_overflow_boulevard,
          hellmonk_ghost_happy_afterlife, serial_shops, shop_fountains,
          nicolae_lakefront_shop, hangedman_abyss_or_decor_jellyfish_corner
D:9:      layout_long_grid, erik_orc_1, minmay_increasing_density, uniq_psyche
Temple:   regret_index_temple_generic_petals

Skill      XL: |  1  2  3  4  5  6  7  8  9 10 |
---------------+-------------------------------+-----
Stealth        | 6 7 8 9 |  9.3
Spellcasting   | 1 2 3 4 5 |  5.3
Dodging        | 2 3 4 5 6 8 |  8.6
Fighting       | 2 3 4 5 |  5.7
Short Blades   | 3 4 5 10 11 | 11.8
Hexes          | 9 |  9.9
Translocations | 3 5 |  5.0
Ranged Weapons | 2 |  2.9
Throwing       | |  2.0

Action                   |  1- 3 |  4- 6 |  7- 9 | 10-12 || total
-------------------------+-------+-------+-------+-------++-------
Melee: Dagger            |   106 |   208 |   144 |       ||   458
       Punch             |       |     2 |     2 |     3 ||     7
       Rapier            |       |       |    94 |   177 ||   271
 Fire: Arbalest          |       |       |       |     9 ||     9
Throw: Dart              |       |    33 |    30 |    16 ||    79
 Cast: Confusing Touch   |       |       |       |     5 ||     5
       Blink             |       |       |       |     6 ||     6
Invok: Lunge             |       |       |    16 |    15 ||    31
       Whirlwind         |       |       |       |    21 ||    21
Evoke: Wand              |       |       |       |     2 ||     2
  Use: Scroll            |       |       |    13 |       ||    13
       Potion            |       |       |     5 |     1 ||     6
 Stab: Sleeping          |    10 |     5 |    16 |     1 ||    32
       Confused          |       |       |       |     3 ||     3
       Distracted        |       |       |       |     1 ||     1
Armor: Robe              |     7 |    18 |    13 |     9 ||    47
       Skin              |       |       |       |     4 ||     4
Dodge: Dodged            |    68 |   150 |   139 |    89 ||   446

Table legend: (Time is in decaauts)
 A = Elapsed time spent in this place.
 B = Non-inter-level travel time spent in this place.
 C = Inter-level travel time spent in this place.
 D = Time resting spent in this place.
 E = Time spent auto-exploring this place.
 F = Levels seen in this place.
 G = Mean time per level.
                   A        B        C        D        E       F      G
               +--------+--------+--------+--------+--------+-----+--------+
         Total |   5112 |   4846 |    266 |     69 |   3204 |  10 |  511.2 |
       Dungeon |   4883 |   4651 |    232 |     37 |   3089 |   9 |  542.6 |
        Temple |    228 |    195 |     33 |     32 |    115 |   1 |  228.0 |
               +--------+--------+--------+--------+--------+-----+--------+

Top non-repeatable levels by time:
     D:9: 738 daAuts
     D:5: 713 daAuts
     D:6: 703 daAuts
     D:2: 554 daAuts
     D:7: 533 daAuts
     D:1: 521 daAuts
     D:4: 455 daAuts
     D:3: 351 daAuts
     D:8: 309 daAuts
  Temple: 228 daAuts
